 Dungeon Crawl Stone Soup version 0.21.1-1-g345015f (webtiles) character file.

221 Iko the Slasher (level 6, -3/49 HPs)
             Began as a Formicid Chaos Knight on June 11, 2018.
             Slain by a bullfrog (4 damage)
             ... on level 8 of the Dungeon.
             The game lasted 00:07:45 (544 turns).

Iko the Slasher (Formicid Chaos Knight)              Turns: 544, Time: 00:07:46

Health: -3/49      AC:  5    Str: 16    XL:     6   Next: 18%
Magic:  6/6        EV: 11    Int: 12    God:    Xom [..*...]
Gold:   6          SH:  0    Dex: 12    Spells: 5/5 levels left

rFire    . . .     SeeInvis +   a - +0 falchion (chaos)
rCold    . . .     Gourm    .   (no shield)
rNeg     . . .     Faith    .   d - +0 ring mail
rPois    .         Spirit   .   (helmet unavailable)
rElec    .         Reflect  .   (no cloak)
rCorr    .         Harm     .   (no gloves)
MR       .....                  (no boots)
Stlth    +.........             (no amulet)
HPRegen  0.16/turn              (no ring)
MPRegen  0.10/turn              (no ring)

@: no status effects
A: permanent stasis, dig shafts and tunnels, four strong arms, antennae 3
a: Dig, Shaft Self, Renounce Religion


You were on level 8 of the Dungeon.
You worshipped Xom.
You were a toy of Xom.
You were not hungry.

You visited 1 branch of the dungeon, and saw 8 of its levels.

You collected 6 gold pieces.

Inventory:

Hand Weapons
 a - a +0 falchion of chaos (weapon)
Armour
 d - a +0 ring mail (worn)
Comestibles
 c - 2 rations


   Skills:
 + Level 4.6 Fighting
 + Level 5.2 Long Blades
 + Level 2.7 Armour
 + Level 1.5 Dodging
 + Level 0.6 Stealth


You had 5 spell levels left.
You didn't know any spells.

Dungeon Overview and Level Annotations

Branches:
Dungeon (8/15)
 Temple: D:4-7         Lair: D:8-11

Altars:
Dithmenos
Kikubaaqudgha


Innate Abilities, Weirdness & Mutations

You cannot be hasted, slowed, berserked, paralysed or teleported.
You can dig through walls and to a lower floor.
Your four strong arms can wield two-handed weapons with a shield.
You have a pair of large antennae on your head. (SInv)


Message History

The two-headed ogre hits you with a giant club!
* * * LOW HITPOINT WARNING * * *
A big kobold comes into view.
You hit the two-headed ogre.
The two-headed ogre glows dark chartreuse for a moment.
The two-headed ogre is lightly wounded.
The giant cockroach closely misses you. The bullfrog hits you.
* * * LOW HITPOINT WARNING * * *
The two-headed ogre hits you with a giant spiked club.
* * * LOW HITPOINT WARNING * * *
The two-headed ogre hits you but does no damage.
The giant cockroach closely misses you.
You riposte.
You hit the giant cockroach. You freeze the giant cockroach.
The giant cockroach is severely wounded.
You closely miss the two-headed ogre.
The two-headed ogre is lightly wounded.
The bullfrog hits you but does no damage.
The bullfrog hits you.
You die...
Xom howls with laughter!

##.....#...
##..........
#...........
#.......K...
#...........
#...........
#...sF......
#..@OW..K..
##.........
######.### #


You could see a two-headed ogre (invisible), a phantom, a big kobold, a
bullfrog, a giant cockroach and a kobold.

Vanquished Creatures
  A bullfrog (D:6)
  2 vampire bats (D:2)
  A bullfrog zombie (D:5)
  A hound skeleton (D:6)
  A dart slug (D:1)
  A leopard gecko (D:5)
  An orc (D:7)
  A bat (D:1)
  2 bat skeletons (D:2)
  3 bat zombies (D:2)
  2 giant cockroaches
  A goblin (D:2)
  2 hobgoblins
  3 kobolds
  13 rats
35 creatures vanquished.

Vanquished Creatures (others)
  A kobold (D:2)
1 creature vanquished.

Grand Total: 36 creatures vanquished

Notes
Turn   | Place    | Note
-------+----------+-------------------------------------------
     0 | D:1      | Iko the Formicid Chaos Knight began the quest for the Orb.
     0 | D:1      | Reached XP level 1. HP: 18/18 MP: 1/1
     0 | D:1      | XOM: potion effect (agility)
    20 | D:1      | Reached XP level 2. HP: 24/24 MP: 2/2
   200 | D:2      | Found an ancient bone altar of Kikubaaqudgha.
   200 | D:2      | Noticed a vampire bat
   204 | D:2      | Noticed a vampire bat
   207 | D:2      | Killed a vampire bat
   207 | D:2      | Reached skill level 4 in Long Blades
   207 | D:2      | Reached skill level 1 in Dodging
   207 | D:2      | Reached XP level 3. HP: 29/30 MP: 3/3
   207 | D:2      | Reached XP level 4. HP: 36/37 MP: 4/4
   208 | D:2      | XOM: harmless Tmut miscast
   213 | D:2      | Reached XP level 5. HP: 40/43 MP: 5/5
   370 | D:3      | Noticed a dagger
   371 | D:3      | Noticed a dagger
   409 | D:5      | Entered Level 5 of the Dungeon
   498 | D:6      | Noticed a bullfrog
   509 | D:6      | Killed a bullfrog
   509 | D:6      | Reached skill level 5 in Long Blades
   509 | D:6      | Reached XP level 6. HP: 36/49 MP: 6/6
   521 | D:7      | Found a shadowy altar of Dithmenos.
   538 | D:8      | Noticed a phantom
   538 | D:8      | Noticed a two-headed ogre
   543 | D:8      | HP: 1/49 [two-headed ogre/giant spiked club (4)]
   544 | D:8      | Slain by a bullfrog

Skill      XL: |  1  2  3  4  5 |
---------------+----------------+-----
Fighting       | 4 |  4.6
Long Blades    | 4 5 |  5.2
Dodging        | 1 |  1.5
Armour         | |  2.7
Stealth        | |  0.6

Action                   |  1- 3 |  4- 6 || total
-------------------------+-------+-------++-------
Melee: Falchion          |    35 |    57 ||    92
 Abil: Dig               |     1 |     5 ||     6
  Use: Scroll            |     1 |     1 ||     2
       Potion            |       |     1 ||     1
 Stab: Confused          |     1 |       ||     1
Armor: Leather armour    |    15 |    13 ||    28
       Ring mail         |       |    12 ||    12
       Skin              |       |     2 ||     2
Dodge: Dodged            |    35 |    38 ||    73
       Rpst.: Falchion   |     8 |     7 ||    15
